 Dungeon Crawl Stone Soup version 0.29.0-11-gd7f09526c8 (webtiles) character file.

Game seed: 964609291397199287

2370 greasedhog the Covert (level 9, 0/48 HPs)
             Began as a Gargoyle Brigand on Sept 4, 2022.
             Slain by an orc warrior
             ... wielding a +0 war axe
              (11 damage)
             ... in a bailey.
             The game lasted 00:12:21 (9357 turns).

greasedhog the Covert (Gargoyle Brigand)            Turns: 9357, Time: 00:12:22

Health: 0/48       AC: 14    Str: 15    XL:     9   Next: 45%
Magic:  9/9        EV: 11    Int: 12    God:
Gold:   318        SH:  6    Dex: 21    Spells: 8/8 levels left

rFire   . . .      SeeInvis .   a - +3 dagger
rCold   + + .      Faith    .   K - +2 buckler {reflect}
rNeg    + . .      Spirit   .   g - +2 leather armour {rC+}
rPois   ∞          Reflect  +   (no helmet)
rElec   +          Harm     .   c - +0 cloak
rCorr   .          Rampage  .   k - +0 pair of gloves
Will    .....      Clarity  +   (no boots)
Stlth   +++++.....              r - amulet of the acrobat
HPRegen 0.16/turn               f - ring of protection from cold
MPRegen 0.11/turn               o - +6 ring of dexterity

@: no status effects
A: sickness immunity, AC +6, negative energy resistance 1, electricity
resistance, torment resistance 1, petrification resistance, clarity, frail 1
a: no special abilities


You were in a bailey.
You visited 1 branch of the dungeon, and saw 7 of its levels.
You also visited: Sewer, Ossuary and Bailey.

You collected 698 gold pieces.
You spent 380 gold pieces at shops.

Inventory:

Hand Weapons
 a - a +3 dagger (weapon)
 z - a +0 rapier
Missiles
 d - 18 poisoned darts (quivered)
 e - 3 curare-tipped darts
 H - 2 atropa-tipped darts
Armour
 c - a +0 cloak (worn)
 g - a +2 leather armour of cold resistance (worn)
 k - a +0 pair of gloves (worn)
 K - a +2 buckler of reflection (worn)
Jewellery
 f - a ring of protection from cold (left hand)
 o - a +6 ring of dexterity (right hand)
 r - an amulet of the acrobat (around neck)
 s - a ring of positive energy
 u - a ring of ice
 x - a ring of positive energy
Wands
 q - a wand of digging (5)
 J - a wand of charming (8)
Scrolls
 b - 5 scrolls of amnesia
 i - 3 scrolls of magic mapping
 l - 2 scrolls of vulnerability
 t - a scroll of enchant armour
 v - 2 scrolls of blinking
 w - 2 scrolls of immolation
 y - 3 scrolls of teleportation {unknown}
 A - a scroll of butterflies {unknown}
 B - a scroll of poison {unknown}
Potions
 h - 2 potions of haste
 j - 6 potions of curing
 m - a potion of heal wounds
 n - a potion of magic
 p - 3 potions of mutation
 C - a potion of lignification
 D - a potion of brilliance
 E - a potion of resistance {unknown}
 F - a potion of flight {unknown}
 G - 2 potions of ambrosia {unknown}
 I - 2 potions of might {unknown}


   Skills:
 - Level 5.0 Fighting
 + Level 5.7 Short Blades
 - Level 2.5 Throwing
 + Level 4.6 Armour
 - Level 0.7 Dodging
 * Level 11.2 Stealth


You had 8 spell levels left.
You didn't know any spells.
Your spell library contained the following spells:

 Spells                   Type           Power      Damage    Failure   Level
 Blink                    Tloc           0%         N/A       63%         2
 Lesser Beckoning         Tloc           0%         N/A       86%         3
 Summon Lightning Spire   Summ/Air       0%         N/A       99%         4
 Manifold Assault         Tloc           0%         N/A       100%        5
 Storm Form               Tmut/Air       0%         N/A       100%        7
 Maxwell's Capacitive Co  Air            0%         ∞         100%        8


Dungeon Overview and Level Annotations

Branches:
Dungeon (7/15)              Sewer (visited)         Ossuary (visited)
 Bailey (1/1)
 Temple: D:4-7

Altars:
Gozag
Vehumet
Zin

Shops:
D:2 [   D:3 :[:[   D:4 *


Innate Abilities, Weirdness & Mutations

You are immune to sickness and miasma.
Your stone body is resilient. (AC +6)
You are immune to poison.
You resist negative energy. (rN+)
You are resistant to electric shocks. (rElec)
You are resistant to unholy torment.
You are immune to petrification.
You possess an exceptional clarity of mind.
You are frail. (-10% HP)


Message History

You closely miss the orc warrior.
The orc warrior is moderately wounded.
The orc warrior hits you but does no damage.
You hit the orc warrior.
The orc warrior is moderately wounded.
You block the orc warrior's attack.
You hit the orc warrior.
The orc warrior is heavily wounded.
You hit the orc warrior.
The orc warrior is heavily wounded.
You block the orc warrior's attack.
You hit the orc warrior but do no damage.
The orc warrior is heavily wounded.
The orc warrior hits you with a +0 war axe!
* * * LOW HITPOINT WARNING * * *
You hit the orc warrior but do no damage.
The orc warrior is heavily wounded.
You block the orc warrior's attack.
You barely miss the orc warrior.
The orc warrior is heavily wounded.
You hit the orc warrior but do no damage.
The orc warrior is heavily wounded.
The orc warrior hits you but does no damage.
You feel better. The orc warrior barely misses you.
You hit the orc warrior.
The orc warrior is severely wounded.
The orc warrior hits you with a +0 war axe.
You hit the orc warrior.
The orc warrior is severely wounded.
The orc warrior barely misses you.
You hit the orc warrior but do no damage.
The orc warrior is severely wounded.
You hit the orc warrior.
The orc warrior is almost dead.
The orc warrior hits you with a +0 war axe!
* * * LOW HITPOINT WARNING * * *
You hit the orc warrior but do no damage.
The orc warrior is almost dead.
The orc warrior hits you with a +0 war axe!
You die...

+.....'..#
#..)).#..####
#.....#.....#
#.....#...8.#
#######...).#
####8.# #.)#
#8.# #.@#
#o## #g)#
#g.# #..#
#..# #..#
##+#


You could see an orc warrior, a gnoll and a goblin.

Vanquished Creatures
  A wraith (D:6)
  Sigmund (D:6)
  A shadow (D:6)
  A water moccasin (D:5)
  An ice beast (D:5)
  An ogre (D:5)
  3 centaurs
  3 bullfrogs
  2 scorpions
  6 killer bees (D:7)
  4 electric eels (Bailey)
  2 hounds (D:5)
  Crazy Yiuf (D:6)
  2 jellies
  Terence (D:2)
  3 iguanas
  8 mummies (Ossuary)
  A gnoll (Bailey)
  11 adders
  A shadow imp (D:6)
  3 white imps
  3 ufetubi
  2 dart slugs
  15 orcs
  14 ball pythons
  17 endoplasms
  15 giant cockroaches
  2 gnoll zombies (Ossuary)
  8 goblins
  8 hobgoblins
  9 kobolds
  10 quokkas
  2 bats
  10 frilled lizards
  3 hobgoblin zombies (Ossuary)
  A kobold zombie (Ossuary)
  2 orc zombies (Ossuary)
  4 rats
182 creatures vanquished.

Vanquished Creatures (others)
  9 plants (D:3)
9 creatures vanquished.

Grand Total: 191 creatures vanquished

Notes
Turn   | Place    | Note
-------+----------+-------------------------------------------
     0 | D:1      | greasedhog the Gargoyle Brigand began the quest for the
                  | Orb.
     0 | D:1      | Reached XP level 1. HP: 12/12 MP: 1/1
   486 | D:1      | Reached XP level 2. HP: 18/18 MP: 2/2
   718 | D:1      | Reached XP level 3. HP: 20/22 MP: 3/3
  1152 | D:2      | Found a faded altar of an unknown god.
  1297 | D:2      | Noticed Terence
  1328 | D:2      | Killed Terence
  1329 | D:2      | Reached skill level 5 in Stealth
  1329 | D:2      | Reached XP level 4. HP: 16/27 MP: 4/4
  1881 | D:2      | Found Xecea's Antique Armour Shop.
  1891 | D:2      | Bought a runed leather armour for 140 gold pieces
  2270 | D:3      | Found Voituj's Armour Shop.
  2312 | D:3      | Found Hiahithru's Armour Shop.
  2326 | D:3      | Found Paeheg's Book Emporium.
  2362 | D:3      | Found Xelaffus's Book Emporium.
  2640 | D:3      | Reached XP level 5. HP: 23/32 MP: 5/5
  3451 | D:4      | Found Memmamar's Assorted Antiques.
  3457 | D:4      | Reached skill level 6 in Stealth
  3853 | D:4      | Found a glowing drain.
  3872 | Sewer    | Entered a sewer
  4186 | Sewer    | Reached XP level 6. HP: 37/37 MP: 6/6
  4535 | Sewer    | Reached skill level 7 in Stealth
  4545 | Sewer    | Identified the +10 shortbow "Fufaliot" {venom, rF+ rCorr}
  4959 | D:5      | Entered Level 5 of the Dungeon
  4998 | D:5      | Identified the +8 glaive of Wus Pih {vorpal, rPois rCorr}
  5043 | D:5      | Reached XP level 7. HP: 43/43 MP: 7/7
  5400 | D:5      | Reached skill level 8 in Stealth
  5432 | D:5      | Reached skill level 5 in Fighting
  5456 | D:5      | Found a glowing silver altar of Zin.
  5570 | D:5      | Reached skill level 1 in Armour
  5570 | D:5      | Reached XP level 8. HP: 32/49 MP: 8/8
  6233 | D:6      | Found an opulent altar of Gozag.
  6233 | D:6      | Noticed a shadow
  6245 | D:6      | Gained mutation: You possess an exceptional clarity of
                  | mind. [potion of mutation]
  6245 | D:6      | Gained mutation: You are frail. (-10% HP) [potion of
                  | mutation]
  6263 | D:6      | Killed a shadow
  6264 | D:6      | Reached skill level 9 in Stealth
  6375 | D:6      | Found a sand-covered staircase.
  6381 | Ossuary  | Entered an ossuary
  7046 | D:6      | Noticed Sigmund
  7049 | D:6      | Killed Sigmund
  7186 | D:6      | Reached skill level 5 in Short Blades
  7195 | D:6      | Reached skill level 10 in Stealth
  7502 | D:6      | Reached XP level 9. HP: 46/48 MP: 9/9
  7574 | D:6      | Found a radiant altar of Vehumet.
  8303 | D:6      | Found a runed translucent door.
  8304 | D:6      | Noticed Crazy Yiuf
  8312 | D:6      | Killed Crazy Yiuf
  8581 | D:3      | Bought a +2 buckler of reflection for 240 gold pieces
  8789 | D:7      | Reached skill level 11 in Stealth
  8955 | D:7      | Found a flagged portal.
  9014 | Bailey   | Entered a bailey
  9357 | Bailey   | Slain by an orc warrior

Illustrated notes

Levels and vault maps discovered:
D:1:      nicolae_arrival_washed_ashore, layout_loops_ring
D:2:      layout_loops_ring, hellmonk_ecumenical_altar_leap_of_faith,
          serial_shops, nicolae_shop_waterfront, minmay_between, uniq_terence
D:3:      layout_loops_cross, serial_shops, shop, shop, shop,
          nicolae_shop_stone, lexackson_kobold_supper
D:4:      layout_loops_ring, serial_shops, nicolae_shop_window_shopping,
          portal_sewer_entry_f, kennysheep_generic_room_10
D:5:      layout_loops_cross, zin_statuary
D:6:      layout_layer_cave, lightli_ossuary_entry_decrepit_ruins,
          hangedman_feature_mirror, uniq_sigmund, uniq_crazy_yiuf_cottage
D:7:      layout_basic, lemuel_temple_firewalk_b, enter_bailey_8,
          hangedman_abyss_or_decor_stagger
Bailey:   bailey_axe_of_yendor_kennysheep, bailey

Skill      XL: |  1  2  3  4  5  6  7  8  9 |
---------------+----------------------------+-----
Short Blades   | 2 3 4 5 |  5.7
Throwing       | 2 |  2.5
Stealth        | 5 6 7 8 10 11 | 11.2
Fighting       | 3 4 5 |  5.0
Armour         | 1 3 4 |  4.6
Dodging        | |  0.7

Action                   |  1- 3 |  4- 6 |  7- 9 || total
-------------------------+-------+-------+-------++-------
Melee: Dagger            |   102 |   386 |   443 ||   931
       Punch             |       |     3 |     3 ||     6
Throw: Dart              |       |       |     5 ||     5
  Use: Potion            |     2 |       |     7 ||     9
       Scroll            |     1 |     6 |       ||     7
 Stab: Sleeping          |     9 |    18 |    15 ||    42
Armor: Robe              |    24 |     3 |       ||    27
       Skin              |     6 |       |       ||     6
       Leather armour    |       |   141 |   160 ||   301
Dodge: Dodged            |    46 |   218 |   187 ||   451
Block: Buckler           |       |       |    25 ||    25
